 Dungeon Crawl Stone Soup version 0.27-a0-1555-g0e7b3fb1d2 (webtiles) character file.

Game seed: 1436399522753073414

235075 dolemite99 the Tortoise (level 18, -1/159 HPs)
             Began as a Minotaur Monk on July 14, 2021.
             Was a High Priest of Okawaru.
             Slain by a bunyip (23 damage)
             ... called by a spriggan druid
             ... on level 4 of the Swamp on July 15, 2021.
             The game lasted 01:07:54 (40927 turns).

dolemite99 the Tortoise (Minotaur Monk)            Turns: 40927, Time: 01:07:55

Health: -1/159     AC: 33    Str: 23    XL:     18   Next: 90%
Magic:  21/21      EV:  9    Int:  7    God:    Okawaru [*****.]
Gold:   2609       SH: 14    Dex: 12    Spells: 17/17 levels left

rFire    . . .     SeeInvis .   a - +6 flail (spect)
rCold    + . .     Faith    .   D - +0 kite shield of Evolution {Contam rPois rN+++ Regen+}
rNeg     + + +     Spirit   .   Q - +0 plate armour {rC+}
rPois    +         Reflect  .   j - +3 hat of Kikhlyp {rElec}
rElec    +         Harm     .   x - scarf {repulsion}
rCorr    .         Rampage  +   R - +2 pair of gloves {Stlth+}
Will     ++...                  M - +1 pair of boots {rampage}
Stlth    ..........             t - amulet of the acrobat
HPRegen  1.36/turn              p - ring of willpower
MPRegen  0.17/turn              W - +4 ring of protection {=R}

@: unable to read, very slightly contaminated, studying 2 skills, repel missiles
A: horns 2, retaliatory headbutt, clumsy 1, deterioration 1, low mp 1, inability
to read while threatened
}: 1/15 runes: gossamer
a: Renounce Religion, Heroism, Finesse


You were on level 4 of the Swamp.
You worshipped Okawaru.
Okawaru was extremely pleased with you.
You visited 6 branches of the dungeon, and saw 32 of its levels.
You also visited: Trove and Ice Cave.

You collected 4022 gold pieces.
You spent 1413 gold pieces at shops.

Inventory:

Hand Weapons
 a - a +6 spectral flail (weapon)
 b - a +2 demon whip of flaming
Missiles
 i - 46 poisoned darts
 k - 4 javelins (quivered)
 o - 27 boomerangs
 w - 5 throwing nets
 P - 13 datura-tipped darts
 T - 21 curare-tipped darts
 V - 20 atropa-tipped darts
Armour
 j - the +3 hat of Kikhlyp (worn) {rElec}
   (Okawaru gifted it to you on level 1 of the Orcish Mines)

   rElec:     It insulates you from electricity.
 x - a scarf of repulsion (worn)
 D - the +0 kite shield of Evolution (worn) {Contam rPois rN+++ Regen+}
   (You took it off Donald on level 2 of the Orcish Mines)

   rPois:     It protects you from poison.
   rN:        It renders you almost immune to negative energy.
   Contam:    It causes magical contamination when unequipped.
   Regen:     It increases your rate of health regeneration.
 M - a +1 pair of boots of rampaging (worn)
 Q - a +0 plate armour of cold resistance (worn)
 R - a +2 pair of gloves of stealth (worn)
Jewellery
 e - the ring of Cynicism {rC+ rN+ Slay+4}
   (You found it on level 2 of the Lair of Beasts)

   [ring of slaying]

   Slay:      It affects your accuracy & damage with ranged weapons and melee
   (+4).
   rC:        It protects you from cold.
   rN:        It protects you from negative energy.
 f - a ring of resist corrosion
 h - a ring of fire
 p - a ring of willpower (left hand)
 q - the ring of Ydavogan {*Slow rN+ Dex+8 SInv}
   (You found it in a treasure trove)

   [ring of see invisible]

   Dex:       It affects your dexterity (+8).
   rN:        It protects you from negative energy.
   SInv:      It lets you see invisible.
   *Slow:     It may slow you when you take damage.
 t - an amulet of the acrobat (around neck)
 W - a +4 ring of protection (right hand) {=R}
Wands
 c - a wand of digging (6)
 d - a wand of paralysis (12)
 A - a wand of flame (2)
 I - a wand of iceblast (39)
 Z - a wand of polymorph (5)
Scrolls
 g - 6 scrolls of identify {@r1}
 m - 17 scrolls of teleportation
 n - 4 scrolls of fog
 r - 2 scrolls of holy word
 y - a scroll of blinking
 C - 2 scrolls of fear
 K - 2 scrolls of magic mapping
 X - a scroll of summoning
Potions
 s - a potion of magic
 u - 3 potions of cancellation
 z - 2 potions of invisibility
 B - 2 potions of haste
 E - 8 potions of curing
 G - 2 potions of berserk rage
 H - 6 potions of brilliance
 J - 5 potions of ambrosia
 N - 3 potions of might
 O - 7 potions of flight
 Y - 2 potions of resistance
Miscellaneous
 l - a tin of tremorstones (inert)
 v - a box of beasts (inert)
 S - a condenser vane (inert)
 U - a lightning rod (4/4)


   Skills:
 - Level 13.9 Fighting
 - Level 14.0 Maces & Flails
 - Level 14.6 Throwing
 + Level 20.6 Armour
 - Level 3.2 Dodging
 - Level 1.5 Stealth
 - Level 16.1 Shields
 - Level 9.6 Invocations
 - Level 10.4 Evocations


You had 17 spell levels left.
You didn't know any spells.
Your spell library contained the following spells:

 Spells                   Type           Power      Damage    Failure   Level
 Corona                   Hex            0%         N/A       95%         1
 Pain                     Necr           0%         1d4       95%         1
 Shock                    Conj/Air       0%         1d3       95%         1
 Blink                    Tloc           N/A        N/A       99%         2
 Ensorcelled Hibernation  Hex/Ice        0%         N/A       99%         2
 Passwall                 Tmut/Erth      0%         N/A       99%         2
 Slow                     Hex            0%         N/A       99%         2
 Static Discharge         Conj/Air       0%         N/A       99%         2
 Sublimation of Blood     Necr           0%         N/A       99%         2
 Confusing Touch          Hex            0%         N/A       100%        3
 Dazzling Flash           Conj/Hex       0%         N/A       100%        3
 Gell's Gravitas          Tloc           0%         N/A       100%        3
 Lesser Beckoning         Tloc           0%         N/A       100%        3
 Ozocubu's Armour         Ice            0%         N/A       100%        3
 Swiftness                Air            0%         N/A       100%        3
 Teleport Other           Tloc           0%         N/A       100%        3
 Tukima's Dance           Hex            0%         N/A       100%        3
 Vampiric Draining        Necr           0%         2d6       100%        3
 Airstrike                Air            0%         N/A       100%        4
 Dispel Undead            Necr           0%         3d6       100%        4
 Iskenderun's Mystic Bla  Conj/Tloc      0%         2d3       100%        4
 Passage of Golubria      Tloc           N/A        N/A       100%        4
 Petrify                  Tmut/Erth      0%         N/A       100%        4
 Sticky Flame             Conj/Fire      0%         2d3       100%        4
 Summon Ice Beast         Ice/Summ       0%         N/A       100%        4
 Summon Lightning Spire   Summ/Air       0%         N/A       100%        4
 Agony                    Necr           0%         N/A       100%        5
 Excruciating Wounds      Necr           0%         N/A       100%        5
 Irradiate                Conj/Tmut      0%         3d14      100%        5
 Iskenderun's Battlesphe  Conj           0%         2d6       100%        5
 Lightning Bolt           Conj/Air       0%         1d11      100%        5
 Manifold Assault         Tloc           0%         N/A       100%        5
 Metabolic Englaciation   Hex/Ice        0%         N/A       100%        5
 Summon Mana Viper        Hex/Summ       0%         N/A       100%        5
 Yara's Violent Unravell  Hex/Tmut       0%         3d3       100%        5
 Dispersal                Tloc           0%         N/A       100%        6
 Invisibility             Hex            0%         N/A       100%        6
 Iron Shot                Conj/Erth      0%         9d1       100%        6
 Simulacrum               Ice/Necr       0%         N/A       100%        6
 Starburst                Conj/Fire      0%         8x6d3     100%        6
 Monstrous Menagerie      Summ           0%         N/A       100%        7
 Spellforged Servitor     Conj/Summ      0%         N/A       100%        7
 Infestation              Necr           0%         N/A       100%        8
 Maxwell's Capacitive Co  Air            0%         ∞         100%        8
 Necromutation            Tmut/Necr      0%         N/A       100%        8


Dungeon Overview and Level Annotations

Branches:
Dungeon (15/15)            Temple (1/1) D:4            Lair (6/6) D:10
  Swamp (4/4) Lair:4       Spider (4/4) Lair:4          Orc (2/2) D:10
    Elf (0/3) Orc:2        Vaults (0/5) D:14         Depths (0/5) D:15
  IceCv (visited)
  Slime: Lair:5-6

Altars:
Ashenzari
Cheibriados
Dithmenos
Elyvilon
Fedhas
Gozag
Hepliaklqana
Kikubaaqudgha
Makhleb
Nemelex Xobeh
Okawaru
Qazlal
Ru
Sif Muna
Trog
Uskayaw
Vehumet
Wu Jian
Xom
Yredelemnul
Zin
The Shining One
Beogh

Shops:
D:1 ?   D:5 :   D:8 !   D:9 ?   Orc:2 *[:(

Annotations:
Lair:3 exclusion: 3 oklob plants
Lair:6 exclusion: obsidian statue
Swamp:1 1 runed translucent door


Innate Abilities, Weirdness & Mutations

You have a pair of horns on your head.
You reflexively headbutt those who attack you in melee.
You are clumsy. (Dex -2)
Your body sometimes deteriorates upon taking damage.
Your magical capacity is low. (-10% MP)
You sometimes lose the ability to read scrolls when taking damage.


Message History

A root smacks you from below!
* * * LOW HITPOINT WARNING * * *
The spectral spriggan air mage hits you but does no damage.
You feel better.
The spectral spriggan air mage fades away!
A root lunges up near you. The wizard casts a spell at you.
The bunyip easily resists.
The spriggan druid gestures at you while chanting.
The stone arrow is repelled.
The spriggan druid casts a spell at you.
You block the stone arrow.
The hellwing hits you but does no damage.
The hellwing barely misses you.
The bunyip gives a hideous shriek!
You feel better. A tree reaches out and hits you!
* * * LOW HITPOINT WARNING * * *
The bunyip barely misses you. You block the bunyip's attack.
The bunyip claws you but does no damage.
You block the spriggan druid's attack.
The spriggan druid hits you with a +0 quarterstaff.
* * * LOW HITPOINT WARNING * * *
You thump the bunyip!
The bunyip is almost dead.
You flicker back into view.
The spriggan druid splashes around in the water.
You feel better.
You are hit by a branch.
* * * LOW HITPOINT WARNING * * *
The spriggan druid splashes around in the water.
You block the chaos spawn's attack.
The spriggan druid hits you but does no damage.
You sock the chaos spawn!
The chaos spawn is almost dead.
You are hit by a branch.
* * * LOW HITPOINT WARNING * * *
You block the spriggan druid's attack. x2
You feel better. A root smacks you from below.
* * * LOW HITPOINT WARNING * * *
The bunyip claws you!!
You die...

♣♣♣ ♣♣♣♣♣♣♣♣≈. ≈§≈♣♣≈≈≈.≈≈.≈≈ ♣♣
≈≈≈≈..§≈≈≈§.≈≈≈ ..♣♣♣ ♣♣♣♣♣
.≈≈≈≈≈≈≈≈≈≈..≈≈ .....♣♣...♣♣♣♣♣
≈≈≈≈≈≈≈≈≈§≈..§≈ ≈≈≈≈...≈≈..§.≈♣♣
≈≈≈...≈)≈≈≈.).
≈≈≈≈.≈≈≈≈≈≈§ptD♣♣≈≈≈......♣...≈
....≈≈≈.≈≈≈..4ii♣ ♣♣♣≈♣...≈♣♣♣♣
.≈≈≈.≈≈.≈≈≈.4x@♣♣ ♣♣≈..≈♣♣
≈≈≈≈.≈≈≈≈≈≈(D♣♣♣ ♣.≈.".♣♣♣♣♣
≈≈≈≈.≈≈≈≈≈≈≈..♣♣♣♣♣ ♣.≈≈)..[...
§≈[..≈..≈≈≈≈≈.(≈≈≈.♣♣≈≈≈≈..)≈≈.
♣♣#########≈≈≈.≈≈≈≈.♣.≈§≈≈..≈≈≈
##≈≈.♣.§≈###≈≈≈≈≈≈..≈§≈≈.≈♣÷.)
###♣.≈≈♣♣♣.≈≈♣###≈≈≈.≈.≈≈≈≈♣≈≈.≈.
#≈§≈≈≈≈.♣≈.≈≈≈..##..§≈.≈≈≈.♣♣[≈≈≈
≈##H≈≈≈≈♣≈.≈≈≈##≈##≈≈≈≈≈≈≈≈...≈≈§


You could see a bunyip, 2 swamp dragons, a ghost crab, a hellwing, 2 spriggan
druids, a wizard and a chaos spawn.

Vanquished Creatures
  Mara (Spider:4)
  Jorgrun (D:15)
  2 tentacled monstrosities (Swamp:4)
  Frances (Spider:1)
  A thorn hunter (Swamp:4)
  Donald (Orc:2)
  6 fenstrider witches
  2 orc warlords (Orc:2)
  A frost giant (IceCv)
  6 ghost moths
  Louise (Swamp:2)
  7 emperor scorpions
  6 bunyips
  2 spark wasps
  A dire elephant (Lair:6)
  8 eleionomae
  A green death (Swamp:4)
  A blizzard demon (Swamp:4)
  A fire dragon (D:15)
  4 shambling mangroves
  An ice dragon (D:15)
  3 ogre magi
  Harold (D:9)
  20 hydras
  7 boulder beetles
  3 ghost crabs
  8 centaur warriors
  15 two-headed ogres
  12 alligators
  2 death knights
  A tengu warrior (D:13)
  4 orc high priests (Orc:2)
  7 death yaks
  A soul eater (Swamp:4)
  8 spriggans
  A fire crab (shapeshifter) (D:15)
  2 skeletal warriors
  A spectral death yak (Lair:6)
  A sixfirhy (Swamp:4)
  An iron troll (D:14)
  9 spriggan druids
  5 goliath frogs
  2 bog bodies
  5 swamp dragons
  4 orc knights
  A lindwurm (Lair:6)
  2 wizards (Swamp:4)
  An orange crystal statue (Lair:5)
  2 necromancers (Lair:6)
  21 wolf spiders
  12 orb spiders
  5 deep elf pyromancers
  21 ugly things
  5 orc sorcerers
  A moth of wrath (Spider:4)
  A deep elf zephyrmancer (Swamp:4)
  2 cyclopes
  3 manticores (D:13)
  2 will-o-the-wisps
  17 elephants
  4 black mambas
  An ice statue (IceCv)
  2 rime drakes
  18 cane toads
  15 komodo dragons
  3 freezing wraiths
  A kobold demonologist (D:13)
  7 demonic crawlers
  An efreet (D:15)
  A hellwing (Swamp:4)
  3 meliai (D:14)
  4 tyrant leeches
  3 trolls
  25 jumping spiders
  20 hornets
  15 polar bears
  Grinder (D:3)
  21 dream sheep
  4 spectral elephants (Lair:6)
  18 blink frogs
  14 slime creatures
  2 vampires (D:13)
  51 redbacks
  78 yaks
  28 tarantellas
  4 wraiths
  A dire elephant simulacrum (Lair:6)
  Sigmund (D:6)
  2 wyverns
  2 basilisks
  A chaos spawn (Swamp:4)
  2 neqoxecs (Swamp:4)
  A death yak simulacrum (Lair:6)
  3 vampire mosquitoes
  12 swamp worms
  7 wargs
  Edmund (D:6)
  An acid dragon (D:10)
  17 water moccasins
  A spectral cane toad (Lair:6)
  Duvessa (D:6)
  2 ice beasts
  39 orc warriors
  2 sky beasts
  8 black bears
  An elephant zombie (Lair:6)
  5 swamp drakes
  4 ogres
  35 wolves
  8 centaurs
  An elephant skeleton (Lair:6)
  2 phantoms
  11 bullfrogs
  2 kobold brigands
  A gnoll sergeant (D:8)
  A scorpion (D:4)
  A cane toad simulacrum (Lair:6)
  Dowan (D:6)
  An elephant simulacrum (Lair:6)
  2 killer bees (D:10)
  17 wights
  11 electric eels
  3 howler monkeys
  2 vampire bats (D:3)
  3 centaur zombies
  3 lava snakes (Lair:5)
  2 jellies
  23 orc priests
  5 hounds
  2 gnoll shamans (D:8)
  A bullfrog skeleton (D:6)
  5 iguanas
  Ijyb (D:3)
  29 orc wizards
  2 killer bee zombies
  A hound zombie (D:4)
  2 hound skeletons (D:4)
  8 adders
  7 gnolls (D:8)
  A howler monkey skeleton (D:7)
  A shadow imp (D:8)
  2 white imps
  2 ufetubi (D:5)
  3 worms
  3 dart slugs
  80 orcs
  9 bats
  4 endoplasms
  4 giant cockroaches
  6 hobgoblins
  2 quokkas
  4 ball pythons
  3 frilled lizards
  3 goblins
  12 kobolds
  2 rats
1066 creatures vanquished.

Vanquished Creatures (collateral kills)
  A bunyip (Swamp:1)
  An alligator (Swamp:1)
  A two-headed ogre (D:13)
  An elephant (Lair:4)
  A black mamba (Lair:2)
  A komodo dragon (Lair:6)
  3 bloated husks (Swamp:3)
  A slime creature (D:13)
  2 yaks (Lair:2)
  2 water moccasins (Lair:2)
  A centaur (D:13)
  An orc wizard (D:13)
16 creatures vanquished.

Vanquished Creatures (others)
  A tentacled monstrosity (Swamp:4)
  A fenstrider witch (Swamp:4)
  A will-o-the-wisp (Swamp:1)
  A rime drake (IceCv)
  A hellwing (Swamp:4)
  5 bloated husks
  A swamp worm (Swamp:4)
  2 bushes (Lair:6)
  11 foxfires
  30 fungi
  83 plants
  16 withered plants (Lair:6)
153 creatures vanquished.

Grand Total: 1235 creatures vanquished

Notes
Turn   | Place    | Note
-------+----------+-------------------------------------------
     0 | D:1      | dolemite99 the Minotaur Monk began the quest for the Orb.
     0 | D:1      | Reached XP level 1. HP: 19/19 MP: 0/0
   167 | D:1      | Found a faded altar of an unknown god.
   535 | D:1      | Found Kule's Magic Scroll Boutique.
   719 | D:2      | Reached XP level 2. HP: 19/26 MP: 1/1
  1236 | D:2      | Reached skill level 5 in Maces & Flails
  1475 | D:2      | Reached XP level 3. HP: 31/31 MP: 2/2
  2729 | D:3      | Noticed Grinder
  2744 | D:3      | Paralysed by Grinder for 6 turns
  2755 | D:3      | Killed Grinder
  2756 | D:3      | Reached XP level 4. HP: 21/39 MP: 3/3
  2756 | D:3      | Reached XP level 5. HP: 25/45 MP: 4/4
  3201 | D:3      | Reached XP level 6. HP: 49/51 MP: 5/5
  3219 | D:3      | Noticed Ijyb
  3225 | D:3      | Paralysed by Ijyb for 5 turns
  3242 | D:3      | Paralysed by Ijyb for 2 turns
  3262 | D:3      | Killed Ijyb
  4085 | D:4      | Found a shadowy altar of Dithmenos.
  4129 | D:4      | Found a staircase to the Ecumenical Temple.
  4140 | Temple   | Entered the Ecumenical Temple
  4226 | Temple   | Became a worshipper of Warmaster Okawaru
  4226 | Temple   | Reached * piety under Okawaru
  4226 | Temple   | Reached ** piety under Okawaru
  4569 | D:4      | Reached XP level 7. HP: 56/57 MP: 6/6
  4878 | D:5      | Entered Level 5 of the Dungeon
  4885 | D:5      | Found Mut Noch's Book Shoppe.
  5158 | D:5      | Reached skill level 10 in Maces & Flails
  5769 | D:5      | Reached skill level 1 in Armour
  5857 | D:5      | Reached skill level 2 in Armour
  5865 | D:5      | Reached skill level 3 in Armour
  5991 | D:5      | Reached skill level 4 in Armour
  5997 | D:5      | Reached *** piety under Okawaru
  5998 | D:5      | Reached XP level 8. HP: 47/64 MP: 7/7
  6301 | D:5      | Reached skill level 5 in Armour
  6466 | D:6      | Noticed Sigmund
  6485 | D:6      | Killed Sigmund
  6486 | D:6      | Reached skill level 6 in Armour
  6792 | D:6      | Reached skill level 7 in Armour
  7156 | D:6      | Reached skill level 8 in Armour
  7343 | D:6      | Noticed Edmund
  7364 | D:6      | Killed Edmund
  7364 | D:6      | Reached **** piety under Okawaru
  7365 | D:6      | Reached skill level 9 in Armour
  7648 | D:6      | Noticed Duvessa
  7648 | D:6      | Noticed Dowan
  7745 | D:6      | Reached XP level 9. HP: 70/70 MP: 8/8
  7849 | D:6      | Killed Dowan
  7850 | D:6      | Reached skill level 10 in Armour
  7859 | D:6      | Killed Duvessa
  8174 | D:6      | Reached skill level 11 in Armour
  8189 | D:6      | Reached skill level 12 in Armour
  8582 | D:6      | Found a bloodstained altar of Trog.
  8917 | D:7      | Reached skill level 5 in Fighting
  8926 | D:7      | Reached ***** piety under Okawaru
  9116 | D:7      | Found a shimmering blue altar of Sif Muna.
  9118 | D:7      | Found a radiant altar of Vehumet.
  9695 | D:8      | Noticed a two-headed ogre
  9725 | D:8      | Reached XP level 10. HP: 79/86 MP: 9/9
  9726 | D:8      | Noticed a two-headed ogre
  9738 | D:8      | Killed a two-headed ogre
  9742 | D:8      | Killed a two-headed ogre
  9742 | D:8      | Received a gift from Okawaru
  9743 | D:8      | Reached skill level 10 in Fighting
  9760 | D:8      | Reached skill level 1 in Invocations
 10057 | D:8      | Found an ornate altar of the Wu Jian Council.
 10163 | D:8      | Found Juowk's Distillery.
 10168 | D:8      | Bought a potion of heal wounds for 70 gold pieces
 10168 | D:8      | Bought a potion of berserk rage for 70 gold pieces
 10168 | D:8      | Bought a potion of curing for 42 gold pieces
 10168 | D:8      | Bought a potion of brilliance for 56 gold pieces
 10590 | D:9      | Noticed a two-headed ogre
 10597 | D:9      | Killed a two-headed ogre
 10597 | D:9      | Received a gift from Okawaru
 10598 | D:9      | Reached skill level 5 in Invocations
 10774 | D:9      | Noticed Harold
 10788 | D:9      | Killed Harold
 10789 | D:9      | Reached XP level 11. HP: 55/99 MP: 14/14
 11065 | D:9      | Found Atown's Magic Scroll Boutique.
 11075 | D:9      | Bought a scroll of teleportation for 39 gold pieces
 11075 | D:9      | Bought a scroll of teleportation for 39 gold pieces
 11075 | D:9      | Bought a scroll of teleportation for 39 gold pieces
 12179 | D:9      | Found a basalt altar of Yredelemnul.
 12227 | D:10     | Entered Level 10 of the Dungeon
 12931 | D:10     | Reached ****** piety under Okawaru
 13003 | D:10     | Found a staircase to the Lair.
 13077 | D:10     | Noticed a brown ugly thing
 13094 | D:10     | Killed a brown ugly thing
 13094 | D:10     | Received a gift from Okawaru
 13163 | D:10     | Found a staircase to the Orcish Mines.
 13244 | D:10     | Found a burning altar of Makhleb.
 13813 | D:11     | Noticed a boulder beetle
 13824 | D:11     | Killed a boulder beetle
 14048 | D:11     | Noticed a two-headed ogre
 14056 | D:11     | Killed a two-headed ogre
 14057 | D:11     | Reached skill level 5 in Shields
 14373 | D:11     | Noticed a centaur warrior
 14381 | D:11     | Killed a centaur warrior
 14438 | D:11     | Found a hide-covered altar of Uskayaw.
 14510 | D:11     | Noticed a boulder beetle
 14519 | D:11     | Killed a boulder beetle
 14519 | D:11     | Received a gift from Okawaru
 14520 | D:11     | Reached XP level 12. HP: 106/106 MP: 12/15
 14707 | D:11     | Found a portal to a secret trove of treasure.
 14714 | Trove    | Entered a treasure trove
 14735 | Trove    | Identified the ring of Ydavogan {*Slow rN+ Dex+8 SInv}
 14748 | Trove    | Identified the +6 dagger "Imubb" {venom, rF+}
 15088 | Lair:1   | Entered Level 1 of the Lair of Beasts
 15101 | Lair:1   | Reached skill level 1 in Evocations
 16210 | Lair:1   | Noticed an eight-headed hydra
 16216 | Lair:1   | Killed an eight-headed hydra
 16217 | Lair:1   | Reached skill level 5 in Evocations
 16402 | Lair:2   | Noticed a death yak
 16412 | Lair:2   | Killed a death yak
 16446 | Lair:2   | Noticed a death yak
 16471 | Lair:2   | Killed a death yak
 16657 | Lair:2   | Noticed a death yak
 16665 | Lair:2   | Killed a death yak
 16712 | Lair:2   | Identified the ring of Cynicism {rC+ rN+ Slay+4}
 17713 | Lair:3   | Reached XP level 13. HP: 62/113 MP: 16/16
 18313 | Lair:3   | Reached skill level 10 in Evocations
 18866 | Lair:3   | Reached skill level 1 in Throwing
 18967 | Lair:3   | Received a gift from Okawaru
 19182 | Lair:3   | Identified a scroll of acquirement
 19182 | Lair:3   | Acquired a manual of Dodging
 19725 | Lair:4   | Found a hole to the Spider Nest.
 19845 | Lair:4   | Found a staircase to the Swamp.
 19896 | Lair:4   | Reached skill level 5 in Throwing
 21067 | Lair:5   | Received a gift from Okawaru
 21489 | Lair:6   | Entered Level 6 of the Lair of Beasts
 21496 | Lair:5   | Identified the +3 hand axe of the Shore {vorpal, rPois rC-
                  | Str+4}
 21855 | Lair:6   | Received a gift from Okawaru
 21862 | Lair:6   | Reached skill level 10 in Throwing
 21862 | Lair:6   | Reached XP level 14. HP: 115/121 MP: 17/17
 22004 | Lair:6   | Received a gift from Okawaru
 22391 | Lair:6   | Received a gift from Okawaru
 22475 | Lair:6   | Received a gift from Okawaru
 23473 | Orc:1    | Entered Level 1 of the Orcish Mines
 23475 | Orc:1    | Identified the +3 hat of Kikhlyp {rElec} (Okawaru gifted it
                  | to you on level 1 of the Orcish Mines)
 23475 | Orc:1    | Received a gift from Okawaru
 23522 | Orc:1    | Found a frozen archway.
 23538 | IceCv    | Entered an ice cave
 24187 | IceCv    | Noticed a frost giant
 24205 | IceCv    | Killed a frost giant
 24214 | IceCv    | Reached XP level 15. HP: 59/126 MP: 18/18
 24471 | IceCv    | Identified the +1 robe of Gais {Fly Regen+ MP+9 Int+4}
 24650 | IceCv    | Identified the +8 dagger of Action {freeze, +Blink rN++
                  | Will+ Int+2}
 25102 | Orc:1    | Upgraded the game from 0.27-a0-1548-gf8a67e7463 to
                  | 0.27-a0-1555-g0e7b3fb1d2
 25110 | Orc:2    | Entered Level 2 of the Orcish Mines
 25238 | Orc:2    | Noticed an orc warlord
 25261 | Orc:2    | Killed an orc warlord
 25387 | Orc:2    | Identified the +0 kite shield of Evolution {Contam rPois
                  | rN+++ Regen+}
 25387 | Orc:2    | Noticed Donald
 25401 | Orc:2    | Killed Donald
 25704 | Orc:2    | Found a staircase to the Elven Halls.
 25948 | Orc:2    | Received a gift from Okawaru
 26017 | Orc:2    | Paralysed by an orc sorcerer for 6 turns
 26028 | Orc:2    | Gained mutation: You sometimes lose the ability to read
                  | scrolls when taking damage. [a neqoxec]
 26292 | Orc:2    | Noticed an orc warlord
 26315 | Orc:2    | Killed an orc warlord
 26392 | Orc:2    | Found Xafidaeb's General Store.
 26393 | Orc:2    | Found Antoc's Book Emporium.
 26395 | Orc:2    | Found Weafy's Antique Armour Emporium.
 26395 | Orc:2    | Found Ugilovet's Antique Weapon Shoppe.
 26683 | Orc:2    | Bought a potion of heal wounds for 70 gold pieces
 26683 | Orc:2    | Bought a potion of curing for 42 gold pieces
 26694 | Orc:2    | Bought a runed plate armour for 676 gold pieces
 27056 | D:1      | Bought a scroll of fear for 42 gold pieces
 27056 | D:1      | Bought a scroll of fear for 42 gold pieces
 27056 | D:1      | Bought a scroll of teleportation for 36 gold pieces
 27056 | D:1      | Bought a scroll of teleportation for 36 gold pieces
 27056 | D:1      | Bought a scroll of identify for 24 gold pieces
 27056 | D:1      | Bought a scroll of enchant armour for 90 gold pieces
 28337 | D:13     | Reached skill level 10 in Shields
 29092 | D:14     | Received a gift from Okawaru
 29212 | D:14     | Found a gate to the Vaults.
 29322 | D:14     | Received a gift from Okawaru
 29332 | D:14     | Reached XP level 16. HP: 90/134 MP: 16/22
 29702 | D:15     | Entered Level 15 of the Dungeon
 29770 | D:15     | Noticed Jorgrun
 29778 | D:15     | Killed Jorgrun
 30200 | D:15     | Reached skill level 15 in Shields
 30381 | D:15     | Found a staircase to the Depths.
 30914 | Spider:1 | Entered Level 1 of the Spider Nest
 31963 | Spider:1 | Noticed Frances
 31973 | Spider:1 | Killed Frances
 32470 | Spider:2 | Identified the +5 scale mail of Boar {rF+ MP+9} (Okawaru
                  | gifted it to you on level 2 of the Spider Nest)
 32470 | Spider:2 | Received a gift from Okawaru
 33872 | Spider:3 | Reached XP level 17. HP: 150/150 MP: 23/23
 34939 | Swamp:1  | Entered Level 1 of the Swamp
 34951 | Swamp:1  | Received a gift from Okawaru
 35085 | Spider:4 | Entered Level 4 of the Spider Nest
 35104 | Spider:4 | Identified the +0 scale mail "Gezil" {Int+2 Slay+5}
                  | (Okawaru gifted it to you on level 4 of the Spider Nest)
 35104 | Spider:4 | Received a gift from Okawaru
 35308 | Spider:4 | Reached skill level 13 in Armour
 35899 | Spider:4 | Reached skill level 14 in Armour
 36121 | Spider:4 | Reached skill level 15 in Armour
 36690 | Spider:4 | Got a gossamer rune of Zot
 36808 | Spider:4 | Noticed Mara
 36819 | Spider:4 | Killed Mara
 36819 | Spider:4 | Received a gift from Okawaru
 36820 | Spider:4 | Reached skill level 16 in Armour
 37206 | Swamp:1  | Received a gift from Okawaru
 37417 | Swamp:1  | Found a runed translucent door.
 37766 | Swamp:2  | Received a gift from Okawaru
 37897 | Swamp:1  | Reached skill level 17 in Armour
 37897 | Swamp:1  | Reached XP level 18. HP: 49/159 MP: 24/24
 38442 | Swamp:2  | Noticed Louise
 38456 | Swamp:2  | Killed Louise
 38457 | Swamp:2  | Reached skill level 18 in Armour
 38601 | Swamp:2  | Identified the +1 robe of Zin's Approval {rF++ rN+}
 38877 | Swamp:3  | Received a gift from Okawaru
 39028 | Swamp:3  | Received a gift from Okawaru
 39510 | Swamp:4  | Entered Level 4 of the Swamp
 39521 | Swamp:3  | Received a gift from Okawaru
 39575 | Swamp:4  | Reached skill level 19 in Armour
 39577 | Swamp:4  | Paralysed by a hornet for 1 turns
 39853 | Swamp:4  | Got the Incunabulum of Doomed Beguiling
 40150 | Swamp:4  | Noticed a tentacled monstrosity
 40168 | Swamp:4  | Killed a tentacled monstrosity
 40303 | Swamp:4  | Gained mutation: Your magical capacity is low. (-10% MP) [a
                  | neqoxec]
 40311 | Swamp:4  | Paralysed by a fenstrider witch for 7 turns
 40326 | Swamp:4  | Received a gift from Okawaru
 40327 | Swamp:4  | Reached skill level 20 in Armour
 40570 | Swamp:4  | Gained mutation: Your body sometimes deteriorates upon
                  | taking damage. [a neqoxec]
 40572 | Swamp:4  | Gained mutation: You are clumsy. (Dex -2) [a neqoxec]
 40584 | Swamp:4  | Received a gift from Okawaru
 40660 | Swamp:4  | Noticed a tentacled monstrosity
 40668 | Swamp:4  | Killed a tentacled monstrosity
 40879 | Swamp:4  | Paralysed by a fenstrider witch for 5 turns
 40887 | Swamp:4  | Noticed a tentacled monstrosity
 40903 | Swamp:4  | Killed a tentacled monstrosity
 40911 | Swamp:4  | Paralysed by a fenstrider witch for 4 turns
 40920 | Swamp:4  | HP: 1/159 [spriggan druid/angry trees (10)]
 40927 | Swamp:4  | Slain by a bunyip

Illustrated notes

Levels and vault maps discovered:
D:1:      onia_arrival_pyramid, layout_basic, serial_shops,
          nicolae_lakefront_shop, hellmonk_ecumenical_altar_arch_garden,
          hangedman_decor_lopped
D:2:      layout_basic
D:3:      layout_loops_ring, minmay_misc_feat_alley, roderic_batcave,
          grunt_decor_resistance, uniq_grinder, uniq_ijyb
D:4:      layout_loops_ring, nicolae_overflow_crystal_walls,
          minmay_temple_entry_waves
D:5:      layout_loops_ring, serial_shops, shop
D:6:      layout_cave_pods, lightli_temple_of_fire, glass_columns_a,
          uniq_duvessa, uniq_edmund, uniq_sigmund
D:7:      layout_rooms, nicolae_overflow_hidden_temple
D:8:      layout_loops_ring, mainiacjoe_overflow_alcove_1, serial_shops,
          kennysheep_little_box, grunt_tough_drop
D:9:      layout_irregular_city, lemuel_round_altar, hex_medium,
          nicolae_stop_n_shop_2, hive_lemuel, uniq_harold
D:10:     layout_long_grid, bloody_makhleb, erik_lair_island, orc_0_dummy
D:11:     layout_loops_corners, enter_trove_6, minmay_splitting_lines,
          nicolae_uskayaw_dance_studio
D:12:     layout_roguey, serial_co_window_serial, co_window_paths_a,
          co_window_paths_b, co_window_paths_a, co_window_paths_a,
          co_window_of_opportunity_a, co_window_paths_c,
          co_window_of_opportunity_c, co_window_unsneaky_path_b,
          co_window_corner_cb, co_window_of_opportunity_b, co_window_broadway_a,
          glass_columns_c, glass_columns_a
D:13:     minmay_octagon_keep, layout_long_grid
D:14:     layout_gridville, david_vaults_4, minmay_crystal_water
D:15:     grunt_enter_depths_hoard, layout_cave_pools, minmay_misc_feat_tower,
          uniq_jorgrun
Temple:   regret_index_temple_waves
Lair:1:   layout_cave_pods
Lair:2:   layout_cave_pods, grunt_megastairs_4, lemuel_fruit_tree
Lair:3:   minmay_lair_oklob_tunnel, layout_cave_pods, special_room,
          beast_lair_carwin_7, grunt_megastairs_5, serial_bayou_shore_a,
          minmay_lair_oklob_chamber, serial_bayou_shore_b
Lair:4:   layout_roguey, swamp_mist_pool, spider_nest_entry_web_field,
          serial_bayou_pond_a, nicolae_quartered_pool_super,
          serial_bayou_shore_b, infiniplex_staircase_pool
Lair:5:   layout_hall_layers, slime_altar_2, disabler_island
Lair:6:   due_jungle_book, layout_concentric_octagons, grunt_megastairs_1
Swamp:1:  gammafunk_mikee_crab_dinner, layout_basic_swamp,
          evilmike_swamp_ruin_house_3
Swamp:2:  layout_basic_swamp, nicolae_swamp_well_well_well, swamp_pool5,
          nicolae_swamp_soggy_hallways, uniq_louise
Swamp:3:  nicolae_swamp_husk_halls, layout_basic_swamp,
          evilmike_swamp_ruin_rubble_2
Swamp:4:  nzn_swamp_witches_coven, layout_basic_swamp, swamp_pool1,
          nicolae_swamp_orc_logging_accident, uniq_roxanne
Spider:1: layout_spider_delve, hangedman_spider_tarantella_strand, uniq_frances
Spider:2: layout_spider_delve
Spider:3: layout_spider_delve
Spider:4: grunt_spider_rune_parallel, nicolae_spider_webs_and_nodes, uniq_mara
Orc:1:    layout_caves, basic_altar, portal_ice_cave_entry_pillars_2,
          uniq_gastronok
Orc:2:    st_orc_congregation, layout_diamond_mine, nicolae_orc_lost_temple,
          uniq_donald

Skill      XL: |  1  2  3  4  5  6  7  8  9 10 11 12 13 14 15 16 17 18 |
---------------+-------------------------------------------------------+-----
Maces & Flails | 4 5 8 9 10 11 14 | 14.0
Armour         | 4 9 12 17 20 | 20.6
Fighting       | 7 10 13 | 13.9
Invocations    | 6 9 |  9.6
Shields        | 7 12 16 | 16.1
Evocations     | 9 10 | 10.4
Throwing       | 10 14 | 14.6
Dodging        | |  3.2
Stealth        | |  1.5

Action                   |  1- 3 |  4- 6 |  7- 9 | 10-12 | 13-15 | 16-18 || total
-------------------------+-------+-------+-------+-------+-------+-------++-------
Melee: Mace              |    80 |   135 |   117 |       |       |       ||   332
       Headbutt          |    14 |    21 |    59 |    81 |   169 |   208 ||   552
       Flail             |       |       |   173 |   331 |   622 |   829 ||  1955
Throw: Stone             |    38 |    26 |    59 |    85 |     6 |       ||   214
       Boomerang         |       |       |    25 |    34 |   513 |   205 ||   777
       Dart              |       |       |       |    31 |     3 |   233 ||   267
       Javelin           |       |       |       |       |    33 |    83 ||   116
       Throwing net      |       |       |       |       |       |     1 ||     1
Invok: Heroism           |       |       |       |     9 |    17 |    25 ||    51
       Finesse           |       |       |       |       |    10 |    15 ||    25
Evoke: Wand              |       |       |     7 |    16 |    21 |    22 ||    66
       Tin of tremorston |       |       |       |     2 |     6 |     9 ||    17
       Condenser vane    |       |       |       |     1 |     6 |     8 ||    15
       Box of beasts     |       |       |       |     1 |     3 |     4 ||     8
       Lightning rod     |       |       |       |       |    12 |     4 ||    16
  Use: Scroll            |     2 |     2 |     4 |    13 |     8 |    10 ||    39
       Potion            |     2 |       |     1 |     3 |       |    16 ||    22
 Stab: Sleeping          |     1 |       |       |       |       |       ||     1
       Distracted        |       |       |       |     2 |     9 |    12 ||    23
       Paralysed         |       |       |       |     2 |       |       ||     2
       Invisible         |       |       |       |       |       |     1 ||     1
Armor: Robe              |    12 |       |       |       |       |       ||    12
       Leather armour    |     1 |       |       |       |       |       ||     1
       Plate armour      |       |    96 |   142 |   152 |   256 |   471 ||  1117
Dodge: Dodged            |    36 |    25 |    84 |   117 |   118 |   297 ||   677
       Repelled          |       |       |       |       |     2 |     8 ||    10
Block: Buckler           |       |       |    18 |    27 |       |       ||    45
       Kite shield       |       |       |       |    73 |   290 |   567 ||   930
       Reflection        |       |       |       |       |     4 |       ||     4

Table legend: (Time is in decaauts)
 A = Elapsed time spent in this place.
 B = Non-inter-level travel time spent in this place.
 C = Inter-level travel time spent in this place.
 D = Time resting spent in this place.
 E = Time spent auto-exploring this place.
 F = Levels seen in this place.
 G = Mean time per level.
                   A        B        C        D        E       F      G
               +--------+--------+--------+--------+--------+-----+--------+
         Total |  40538 |  37422 |   3116 |   7653 |  21983 |  34 | 1192.3 |
       Dungeon |  19030 |  17547 |   1483 |   3840 |  10717 |  15 | 1268.7 |
        Temple |    132 |     87 |     45 |      0 |     75 |   1 |  132.0 |
          Lair |   9017 |   8085 |    932 |   1629 |   4913 |   6 | 1502.8 |
         Swamp |   3900 |   3759 |    141 |   1128 |   1608 |   4 |  975.0 |
   Spider Nest |   5126 |   4793 |    333 |    812 |   2923 |   4 | 1281.5 |
  Orcish Mines |   2005 |   1824 |    181 |     30 |   1050 |   2 | 1002.5 |
         Trove |     74 |     74 |      0 |      0 |      0 |   1 |   74.0 |
      Ice Cave |   1250 |   1250 |      0 |    213 |    697 |   1 | 1250.0 |
               +--------+--------+--------+--------+--------+-----+--------+

Top non-repeatable levels by time:
     D:6: 2195 daAuts
     D:9: 1836 daAuts
Spider:3: 1790 daAuts
  Lair:2: 1767 daAuts
  Lair:6: 1714 daAuts
     D:5: 1650 daAuts
    D:10: 1644 daAuts
  Lair:3: 1636 daAuts
   Orc:2: 1611 daAuts
Spider:4: 1604 daAuts
    D:11: 1549 daAuts
  Lair:1: 1423 daAuts
     D:3: 1384 daAuts
  Lair:4: 1355 daAuts
     D:2: 1327 daAuts
